 Dungeon Crawl Stone Soup version 0.22-a0-614-g34fbaa0 (webtiles) character file.

883 Lianjan the Carver (level 7, -6/62 HPs)
             Began as a Minotaur Gladiator on July 13, 2018.
             Was an Initiate of Ru.
             Mangled by an orc warrior
             ... wielding a +0 flail
              (9 damage)
             ... on level 4 of the Dungeon.
             The game lasted 00:07:47 (4188 turns).

Lianjan the Carver (Minotaur Gladiator)             Turns: 4188, Time: 00:07:48

Health: -6/62      AC:  6    Str: 19    XL:     7   Next: 76%
Magic:  6/6        EV: 13    Int:  6    God:    Ru [......]
Gold:   125        SH:  0    Dex: 12    Spells: 6/6 levels left

rFire    . . .     SeeInvis .   a - +0 long sword
rCold    . . .     Gourm    .   (no shield)
rNeg     . . .     Faith    .   g - +0 ring mail
rPois    .         Spirit   .   c - +1 hat
rElec    .         Reflect  .   (no cloak)
rCorr    .         Harm     .   (no gloves)
MR       .....                  (no boots)
Stlth    ..........             (no amulet)
HPRegen  0.20/turn              (no ring)
MPRegen  0.10/turn              (no ring)

@: no status effects
A: retaliatory headbutt, horns 2, no stealth
a: Renounce Religion


You were on level 4 of the Dungeon.
You worshipped Ru.
Ru was noncommittal.
You were hungry.

You visited 1 branch of the dungeon, and saw 5 of its levels.

You collected 125 gold pieces.

Inventory:

Hand Weapons
 a - a +0 long sword (weapon)
Missiles
 d - 3 throwing nets (quivered)
 l - 121 stones
Armour
 c - a +1 hat (worn)
 g - a +0 ring mail (worn)
Jewellery
 s - a +5 ring of intelligence {unknown}
Wands
 r - a wand of paralysis (11)
Scrolls
 k - 2 scrolls of identify
 o - 2 scrolls of enchant armour
 p - a scroll of teleportation
Potions
 b - 2 potions of mutation
 e - a potion of curing
 h - a potion of might
 j - a potion of degeneration
 n - 3 potions of heal wounds
 q - 2 potions of brilliance
 t - a potion of resistance
Comestibles
 f - 6 rations


   Skills:
 + Level 5.7 Fighting
 * Level 8.4 Long Blades
 - Level 2.0 Throwing
 + Level 5.8 Dodging


You had 6 spell levels left.
You didn't know any spells.
Your spell library contained the following spells:

 Spells                   Type           Power        Failure   Level  Hunger
 Apportation              Tloc           #.....       65%         1    ##.....
 Summon Small Mammal      Summ           #...         65%         1    ##.....
 Animate Skeleton         Necr           N/A          65%         1    ##.....
 Confusing Touch          Hex            #.....       65%         1    ##.....


Dungeon Overview and Level Annotations

Branches:
Dungeon (5/15)
 Temple: D:4-7

Altars:
Cheibriados
Dithmenos
Fedhas
Makhleb
Qazlal
Ru
Trog
The Shining One

Annotations:
D:4 2 transporters


Innate Abilities, Weirdness & Mutations

You reflexively headbutt those who attack you in melee.
You have a pair of horns on your head.
You cannot be stealthy.


Message History

The orc priest hits you but does no damage.
You hit the orc warrior but do no damage.
The orc warrior is lightly wounded.
The orc warrior closely misses you. The orc priest barely misses you.
You completely miss the orc warrior.
The orc warrior is lightly wounded.
The orc priest barely misses you. You furiously retaliate!
You headbutt the orc priest, but do no damage.
You riposte.
You hit the orc priest.
The orc priest is moderately wounded.
The orc warrior hits you with a flail!!
* * * LOW HITPOINT WARNING * * *
You closely miss the orc warrior.
The orc warrior is lightly wounded.
The orc priest barely misses you. You furiously retaliate!
You headbutt the orc priest.
You hit the orc warrior but do no damage.
The orc warrior is lightly wounded.
The orc warrior hits you with a flail!
You die...

##..#_[.......#..##
#..©#_$$...©..#©..#
#...#_[.......#...#
#...#$).#.#...#...#
##..#8.#...#.8#..## #######
##..##l.....l##..# #.....#
###....#########...# #.###.#
##................#.# #...#.#
#.....@.....#######.#
###.#.#####...[.oo....# #.#
....#....#............# #####.###
###.#......#..........# #........
#...#......#..........###........
#.###...##...........#......)....
#......................##........
#####.................######.####
#..##.................# #.#


You could see an orc warrior, an iguana and an orc priest.

Vanquished Creatures
  Eustachio (D:4)
  A sky beast (D:4)
  An ogre (D:5)
  2 centaurs
  A scorpion (D:4)
  A crimson imp (D:5)
  2 hounds (D:4)
  A jelly (D:5)
  2 orc wizards
  2 worker ants (D:4)
  8 adders
  A worm (D:4)
  2 dart slugs
  A leopard gecko (D:2)
  8 orcs
  3 giant cockroaches
  4 hobgoblins
  6 jackals
  8 kobolds
  3 quokkas
  A ball python (D:3)
  A ball python skeleton (D:4)
  7 bats
  2 frilled lizards (D:1)
  3 goblins
  A quokka skeleton (D:4)
  13 rats
86 creatures vanquished.

Notes
Turn   | Place    | Note
-------+----------+-------------------------------------------
     0 | D:1      | Lianjan the Minotaur Gladiator began the quest for the Orb.
     0 | D:1      | Reached XP level 1. HP: 18/18 MP: 0/0
   291 | D:1      | Reached skill level 4 in Long Blades
   318 | D:1      | Reached XP level 2. HP: 22/25 MP: 1/1
   638 | D:2      | Found a snail-covered altar of Cheibriados.
   740 | D:2      | Reached XP level 3. HP: 28/31 MP: 2/2
  1157 | D:2      | Found a faded altar of an unknown god.
  1268 | D:3      | Reached skill level 5 in Long Blades
  1268 | D:3      | Reached XP level 4. HP: 33/38 MP: 3/3
  1440 | D:3      | Found a sacrificial altar of Ru.
  1459 | D:3      | Became a worshipper of Ru the Awakened
  1744 | D:4      | Reached XP level 5. HP: 35/46 MP: 4/4
  1825 | D:4      | Found a bloodstained altar of Trog.
  1848 | D:4      | Noticed Eustachio
  1870 | D:4      | Killed Eustachio
  1870 | D:4      | Reached skill level 6 in Long Blades
  1870 | D:4      | Reached XP level 6. HP: 17/52 MP: 5/5
  2211 | D:4      | Found a burning altar of Makhleb.
  2445 | D:4      | Found a shadowy altar of Dithmenos.
  2453 | D:4      | Found a sacrificial altar of Ru.
  2455 | D:4      | Found a stormy altar of Qazlal.
  2458 | D:4      | Found a transporter.
  2474 | D:4      | Found a transporter.
  2628 | D:4      | Found a glowing golden altar of the Shining One.
  2665 | D:4      | Found a blossoming altar of Fedhas.
  2695 | D:4      | HP: 2/53 [centaur (5)]
  2698 | D:4      | Reached skill level 7 in Long Blades
  2698 | D:4      | Reached skill level 5 in Dodging
  3240 | D:4      | Reached XP level 7. HP: 60/60 MP: 6/6
  3458 | D:5      | Entered Level 5 of the Dungeon
  3506 | D:4      | Reached skill level 5 in Fighting
  3510 | D:4      | Gained mutation: You cannot be stealthy. [Ru sacrifice]
  3888 | D:5      | Reached skill level 8 in Long Blades
  4186 | D:4      | HP: 3/62 [orc warrior/flail (21)]
  4188 | D:4      | Mangled by an orc warrior

Vault maps used:
D:1:      sevenhm_arrival_forest_fort_large_1
D:2:      kennysheep_slug_shrine, chequers_ecumenical_altar_island,
          moated_statue
D:3:      nicolae_ru_great_annihilating_truth
D:4:      fedhas_bush_and_centaur_altar, lemuel_round_altar,
          nicolae_overflow_hidden_temple, gammafunk_temple_overflow_arena,
          first_ration, minmay_misc_feat_ornament, trog_three_pillars_becter,
          uniq_eustachio
D:5:      lemuel_round_altar

Skill      XL: |  1  2  3  4  5  6  7 |
---------------+----------------------+-----
Long Blades    | 4 5 6 7 8 |  8.4
Fighting       | 3 4 5 |  5.7
Dodging        | 4 5 |  5.8
Throwing       | |  2.0

Action                   |  1- 3 |  4- 6 |  7- 9 || total
-------------------------+-------+-------+-------++-------
Melee: Long sword        |    71 |   128 |    61 ||   260
       Headbutt          |    12 |    29 |    13 ||    54
Invok: Sacrifice Stealth |       |       |     1 ||     1
  Use: Potion            |       |     1 |       ||     1
       Scroll            |       |       |    13 ||    13
  Eat: Chunk             |     1 |     7 |     2 ||    10
Armor: Leather armour    |     1 |       |       ||     1
       Ring mail         |    25 |    35 |    21 ||    81
Dodge: Dodged            |    57 |    91 |    35 ||   183
       Rpst.: Long sword |    14 |    25 |     7 ||    46

Table legend:
 A = Spawn XP
 B = Non-spawn XP
 C = Spawn XP percentage of total XP
 D = Spawn monster count
 E = Non-spawn monster count
 F = Spawn count percentage of total count
 G = Total turns spent on level
                    A         B        C        D         E        F      G
               +---------+---------+-------+---------+---------+-------+---------
         Total |       0 |    1262 |   0.0 |       0 |      86 |   0.0 |  4188
               +---------+---------+-------+---------+---------+-------+---------
           D:1 |       0 |      24 |   0.0 |       0 |      18 |   0.0 |   628
           D:2 |       0 |      65 |   0.0 |       0 |      20 |   0.0 |   633
           D:3 |       0 |      98 |   0.0 |       0 |      20 |   0.0 |   628
           D:4 |       0 |     698 |   0.0 |       0 |      20 |   0.0 |  1986
           D:5 |       0 |     377 |   0.0 |       0 |       8 |   0.0 |   313
               +---------+---------+-------+---------+---------+-------+---------
